 Dungeon Crawl Stone Soup version 0.18-a0-1805-g8ab820f (webtiles) character file.

44 Duffy the Chopper (level 3, 0/29 HPs)
             Began as a Demonspawn Fighter on Apr 25, 2016.
             Was a Follower of Trog.
             Slain by a hobgoblin
             ... wielding a +0 club
              (1 damage)
             ... on level 3 of the Dungeon.
             The game lasted 00:00:43 (773 turns).

Duffy the Chopper (Demonspawn Fighter)               Turns: 773, Time: 00:00:43

Health: 0/29       AC:  7    Str: 17    XL:     3   Next: 39%
Magic:  3/3        EV:  6    Int:  7    God:    Trog [*.....]
Gold:   101        SH:  8    Dex: 12    Spells: 0 memorised, 2 levels left

rFire  . . .     SeeInvis .     a - +0 war axe
rCold  . . .     Gourm    .     b - +0 scale mail
rNeg   . . .     Faith    .     c - +0 shield
rPois  .         Spirit   .     (no helmet)
rElec  .         Dismiss  .     (no cloak)
rCorr  .         Reflect  .     (no gloves)
SustAt .         Harm     .     (no boots)
MR     .....                    (no amulet)
Stlth  ..........               (no ring)
                                j - -2 ring of intelligence (curse)

@: not resistant to hostile enchantments, extremely unstealthy
A: icy blue scales 1
a: Berserk, Burn Spellbooks, Renounce Religion


You were on level 3 of the Dungeon.
You worshipped Trog.
Trog was aware of your devotion.
You were not hungry.

You visited 1 branch of the dungeon, and saw 3 of its levels.

You collected 101 gold pieces.


Innate Abilities, Weirdness & Mutations

You are partially covered in icy blue scales (AC +1).


   Skills:
 - Level 3.0 Fighting
 + Level 3.4 Axes
 - Level 2.6 Armour
 - Level 2.6 Shields


You had 2 spell levels left.
You didn't know any spells.

Inventory:

Hand Weapons
 a - a +0 war axe (weapon)
Armour
 b - a +0 scale mail (worn)
 c - a +0 shield (worn)
Jewellery
 j - a cursed -2 ring of intelligence (left hand)
Scrolls
 e - 3 scrolls of amnesia {unknown}
 g - a scroll of enchant armour {unknown}
 h - a scroll of remove curse {unknown}
 i - a scroll of enchant weapon {unknown}
 l - a scroll of identify {unknown}
Potions
 d - a potion of might
Books
 k - a Young Poisoner's Handbook
Comestibles
 f - 2 bread rations
 m - a slice of pizza

Dungeon Overview and Level Annotations

Branches:
Dungeon (3/15)

Altars:
Dithmenos
Gozag
Okawaru
Sif Muna
Trog


Message History

You block the giant newt's attack.
The hobgoblin hits you but does no damage.
You block the giant newt's attack.
The hobgoblin hits you but does no damage.
You block the giant newt's attack.
The hobgoblin hits you but does no damage.
The giant newt bites you but does no damage.
You block the hobgoblin's attack. The giant newt barely misses you.
You block the hobgoblin's attack.
The giant newt bites you but does no damage.
You block the hobgoblin's attack. The giant newt bites you.
The hobgoblin hits you with a club.
The giant newt bites you but does no damage.
The hobgoblin barely misses you. You block the giant newt's attack.
You block the hobgoblin's attack. You block the giant newt's attack.
The hobgoblin hits you but does no damage.
The giant newt bites you. You block the giant newt's attack.
The hobgoblin hits you but does no damage.
The giant newt bites you. You block the hobgoblin's attack.
The giant newt bites you but does no damage.
The hobgoblin hits you but does no damage.
You block the giant newt's attack. The hobgoblin barely misses you.
The giant newt bites you. The hobgoblin hits you with a club.
You block the giant newt's attack.
The hobgoblin hits you but does no damage.
The giant newt bites you but does no damage.
You block the hobgoblin's attack.
The giant newt bites you but does no damage.
The hobgoblin hits you but does no damage.
The giant newt bites you but does no damage.
You block the hobgoblin's attack. The giant newt barely misses you.
You block the giant newt's attack. The hobgoblin hits you with a club.
You block the giant newt's attack. The hobgoblin closely misses you.
You block the giant newt's attack. You block the hobgoblin's attack.
You block the giant newt's attack. The hobgoblin barely misses you.
The giant newt bites you but does no damage.
You block the hobgoblin's attack.
The giant newt bites you but does no damage.
The hobgoblin closely misses you. The giant newt closely misses you.
You block the hobgoblin's attack. You block the giant newt's attack.
The hobgoblin hits you with a club. You block the giant newt's attack.
The hobgoblin hits you but does no damage.
You block the giant newt's attack. The hobgoblin barely misses you.
You block the giant newt's attack. You block the giant newt's attack.
The hobgoblin closely misses you. You block the giant newt's attack.
The hobgoblin hits you with a club.
The giant newt bites you but does no damage.
The hobgoblin hits you with a club.
You die...

#### #...### ######
....... .......
.......##.......
#..........#....
#.....g8...#....
#.....8@8....... ####
#....8._l8...... ##..##
#.....8.8..#....
##....####.....8.....#..
##......###..............
..........+..............
..........#......####....
........................<
...............#.####.#.#


You could see a hobgoblin and a giant newt.

Action                   || total
-------------------------++-------
Melee: War axe           ||    38
Armor: Scale mail        ||    71
Dodge: Dodged            ||    31
Block: Shield            ||    84

Notes
Turn   | Place    | Note
--------------------------------------------------------------
     0 | D:1      | Duffy the Demonspawn Fighter began the quest for the Orb.
     0 | D:1      | Reached XP level 1. HP: 18/18 MP: 1/1
    95 | D:2      | Reached skill level 2 in Axes
   182 | D:2      | Found an opulent altar of Gozag.
   257 | D:3      | Gained mutation: You are partially covered in icy blue scales (AC +1). [demonic ancestry]
   257 | D:3      | Reached XP level 2. HP: 14/24 MP: 2/2
   502 | D:3      | Noticed Ijyb
   512 | D:3      | Killed Ijyb
   512 | D:3      | Reached skill level 3 in Axes
   512 | D:3      | Reached XP level 3. HP: 28/29 MP: 3/3
   546 | D:3      | Found a shadowy altar of Dithmenos.
   559 | D:3      | Found a deep blue altar of Sif Muna.
   563 | D:3      | Found an iron altar of Okawaru.
   680 | D:3      | Found a faded altar to an unknown god.
   688 | D:3      | Became a worshipper of Trog the Wrathful
   688 | D:3      | Reached * piety under Trog
   773 | D:3      | Slain by a hobgoblin

Skill      XL: |  1  2 |
---------------+-------+-----
Axes           | 2 3 |  3.4
Fighting       | |  3.0
Armour         | |  2.6
Shields        | |  2.6

Vault maps used:
D:1:      matt_arrival_los_fun
D:2:      minmay_kobold_bridge, grunt_gozag_statues
D:3:      minitemple, ecumenical_altar_2, first_bread,
          nicolae_underground_beach, uniq_iyjb

Vanquished Creatures
  Ijyb
  An adder
  A giant gecko
  A giant cockroach
  A goblin
  A hobgoblin
  3 bats
  A giant newt
10 creatures vanquished.
